PAAA
SCRANTON SUPERNOVAS @ ELLENBURG FIGHTING DACHSUNDS
08/25/2033
 
TOP OF THE 1ST
Scranton Supernovas batting - Pitching for Ellenburg Fighting Dachsunds : LHP Gerald Bolton
Pitching: LHP Gerald Bolton
Batting: RHB Jesús Guzmán 0-0: Ball
1-0: Ball
2-0: Called Strike
2-1: Foul Ball, location: 2F
2-2: Foul Ball, location: 2F
2-2: Ball
3-2: Foul Ball, location: 2F
3-2: Fly out, F8 (Flyball, 8RS)
Batting: LHB Juan Montés 0-0: Ball
1-0: Ground out 4-3 (Groundball, 4)
Batting: RHB José Rodríguez 0-0: Ball
1-0: Ball
2-0: Ball
3-0: Called Strike
3-1: Base on Balls
Batting: RHB Felipe Bruno 0-0: Swinging Strike
0-1: Foul Ball, location: 2F
0-2: Foul Ball, location: 2F
0-2: Fly out, F6 (Line Drive, 6)
Top of the 1st over - 0 runs, 0 hits, 0 errors, 1 left on base; Scranton 0 - Ellenburg 0
BOTTOM OF THE 1ST
Ellenburg Fighting Dachsunds batting - Pitching for Scranton Supernovas : RHP NaNomi Lojore
Pitching: RHP NaNomi Lojore
Batting: SHB Theron Montecalvo 0-0: Ball
1-0: Ground out 3-1 (Groundball, 34S)
Batting: SHB Ben Boston 0-0: Swinging Strike
0-1: Swinging Strike
0-2: Ball
1-2: DOUBLE (Line Drive, 9LM)
Batting: LHB Vladya Pugiev 0-0: 2-RUN HOME RUN (Flyball, 9LD), Distance : 347 ft
Batting: RHB Alan McLennan 0-0: Ball
1-0: Foul Ball, location: 2F
1-1: Foul Ball, location: 2F
1-2: Ball
2-2: Ball
3-2: Foul Ball, location: 2F
3-2: Reached on error, E5 (Groundball, 56)
Batting: LHB Locke Lamora 0-0: Ball
1-0: Called Strike
1-1: Foul Ball, location: 2F
1-2: Ball
2-2: Fly out, F9 (Flyball, 89S)
Batting: RHB Hugo Rampley 0-0: SINGLE (Line Drive, 78S)
Alan McLennan to second
Batting: RHB José Vázquez 0-0: Foul Ball, location: 2F
0-1: Ball
1-1: Swinging Strike
1-2: Foul Ball, location: 2F
1-2: Fly out, F8 (Flyball, 8LD)
Bottom of the 1st over - 2 runs, 3 hits, 1 error, 2 left on base; Scranton 0 - Ellenburg 2
TOP OF THE 2ND
Scranton Supernovas batting - Pitching for Ellenburg Fighting Dachsunds : LHP Gerald Bolton
Batting: LHB Hai-feng Tang 0-0: Ball
1-0: Called Strike
1-1: Swinging Strike
1-2: Foul Ball, location: 2F
1-2: SINGLE (Groundball, 25) (infield hit)
Batting: RHB José Bravo 0-0: Called Strike
0-1: Ball
1-1: Ball
2-1: Foul Ball, location: 2F
2-2: Foul Ball, location: 2F
2-2: Foul Ball, location: 2F
2-2: Foul Ball, location: 2F
2-2: Ball
3-2: Foul Ball, location: 2F
3-2: Fly out, F4 (Line Drive, 4)
Batting: RHB Rodrigo Lugo 0-0: Ball
1-0: Fly out, F6 (Line Drive, 56)
Batting: RHB Miguel Canales 0-0: Called Strike
0-1: SINGLE (Groundball, 56D)
Hai-feng Tang to second
Batting: LHB Chase Popoff 0-0: Ball
1-0: Called Strike
1-1: Foul Ball, location: 2F
1-2: Strikes out swinging
Top of the 2nd over - 0 runs, 2 hits, 0 errors, 2 left on base; Scranton 0 - Ellenburg 2
BOTTOM OF THE 2ND
Ellenburg Fighting Dachsunds batting - Pitching for Scranton Supernovas : RHP NaNomi Lojore
Batting: RHB Oscar McMillan 0-0: Called Strike
0-1: Ball
1-1: Called Strike
1-2: Ground out 1-3 (Groundball, 13S)
Batting: LHB Ned Durand 0-0: Swinging Strike
0-1: Foul Ball, location: 2F
0-2: Ball
1-2: Ball
2-2: Ground out 4-3 (Groundball, 4)
Batting: SHB Theron Montecalvo 0-0: Ball
1-0: Foul Ball, location: 2F
1-1: Ball
2-1: Fly out, F8 (Flyball, 8RM)
Bottom of the 2nd over - 0 runs, 0 hits, 0 errors, 0 left on base; Scranton 0 - Ellenburg 2
TOP OF THE 3RD
Scranton Supernovas batting - Pitching for Ellenburg Fighting Dachsunds : LHP Gerald Bolton
Batting: RHB Jesús Guzmán 0-0: Ball
1-0: Called Strike
1-1: Ball
2-1: Swinging Strike
2-2: Foul Ball, location: 2F
2-2: Fly out, F9 (Flyball, 9LSF)
Batting: LHB Juan Montés 0-0: Ball
1-0: Swinging Strike
1-1: Swinging Strike
1-2: Ball
2-2: Ball
3-2: Ground out U3 (Groundball, 3)
Batting: RHB José Rodríguez 0-0: Ball
1-0: Ball
2-0: Called Strike
2-1: Ball
3-1: Called Strike
3-2: Base on Balls
Batting: RHB Felipe Bruno 0-0: Called Strike
0-1: Ball
1-1: Ball
2-1: Foul Ball, location: 2F
2-2: Ball
3-2: Strikes out swinging
Top of the 3rd over - 0 runs, 0 hits, 0 errors, 1 left on base; Scranton 0 - Ellenburg 2
BOTTOM OF THE 3RD
Ellenburg Fighting Dachsunds batting - Pitching for Scranton Supernovas : RHP NaNomi Lojore
Batting: SHB Ben Boston 0-0: Ball
1-0: Ball
2-0: Ball
3-0: Swinging Strike
3-1: Foul Ball, location: 2F
3-2: Foul Ball, location: 2F
3-2: Ground out U3 (Groundball, 3S)
Batting: LHB Vladya Pugiev 0-0: Ball
1-0: Called Strike
1-1: Ball
2-1: Ball
3-1: Called Strike
3-2: Fly out, F9 (Line Drive, 9)
Batting: RHB Alan McLennan 0-0: Called Strike
0-1: Swinging Strike
0-2: Ball
1-2: Reached on error, E6 (Line Drive, 6)
Batting: LHB Locke Lamora 0-0: Ball
1-0: Ball
2-0: Ball
3-0: Base on Balls
Alan McLennan to second
Batting: RHB Hugo Rampley 0-0: Ball
1-0: Fielders Choice at 2nd, 5-4 (Groundball, 56)
Bottom of the 3rd over - 0 runs, 0 hits, 1 error, 2 left on base; Scranton 0 - Ellenburg 2
TOP OF THE 4TH
Scranton Supernovas batting - Pitching for Ellenburg Fighting Dachsunds : LHP Gerald Bolton
Batting: LHB Hai-feng Tang 0-0: Ball
1-0: Called Strike
1-1: Ball
2-1: Ball
3-1: Foul Ball, location: 2F
3-2: Base on Balls
Batting: RHB José Bravo 0-0: Ball
1-0: Ball
2-0: SINGLE (Groundball, 34) (infield hit)
Hai-feng Tang to second
Batting: RHB Rodrigo Lugo 0-0: Ball
1-0: Fly out, F5 (Popup, 25F)
Batting: RHB Miguel Canales 0-0: Called Strike
0-1: Foul Ball, location: 2F
0-2: Ball
1-2: Fly out, F6 (Popup, 6M)
Batting: LHB Chase Popoff 0-0: Ball
1-0: Ball
2-0: Called Strike
2-1: Ball
3-1: Foul Ball, location: 2F
3-2: Foul Ball, location: 2F
3-2: Foul Ball, location: 2F
3-2: Base on Balls
Hai-feng Tang to third
José Bravo to second
Batting: RHB Jesús Guzmán 0-0: Fly out, F7 (Flyball, 7)
Top of the 4th over - 0 runs, 1 hit, 0 errors, 3 left on base; Scranton 0 - Ellenburg 2
BOTTOM OF THE 4TH
Ellenburg Fighting Dachsunds batting - Pitching for Scranton Supernovas : RHP NaNomi Lojore
Batting: RHB José Vázquez 0-0: Ball
1-0: Ball
2-0: Foul Ball, location: 2F
2-1: Called Strike
2-2: Strikes out swinging
Batting: RHB Oscar McMillan 0-0: Foul Ball, location: 2F
0-1: Bunt missed!
0-2: Strikes out swinging
Batting: LHB Ned Durand 0-0: Ball
1-0: Called Strike
1-1: Ball
2-1: SINGLE (Groundball, 34S) (infield hit)
Batting: SHB Theron Montecalvo 0-0: Ball
1-0: Ball
2-0: DOUBLE (Line Drive, 89D)
Ned Durand to third
Runner from 3rd tries for Home, SAFE, no throw
Batting: SHB Ben Boston 0-0: Foul Ball, location: 2F
0-1: Ball
1-1: Ball
2-1: Ground out 1-3 (Groundball, 13)
Bottom of the 4th over - 1 run, 2 hits, 0 errors, 1 left on base; Scranton 0 - Ellenburg 3
TOP OF THE 5TH
Scranton Supernovas batting - Pitching for Ellenburg Fighting Dachsunds : LHP Gerald Bolton
Batting: LHB Juan Montés 0-0: Fly out, F9 (Flyball, 89S)
Batting: RHB José Rodríguez 0-0: Ball
1-0: Ball
2-0: Foul Ball, location: 2F
2-1: Ground out 4-3 (Groundball, 4S)
Batting: RHB Felipe Bruno 0-0: DOUBLE (Flyball, 89XD)
Batting: LHB Hai-feng Tang 0-0: Ball
1-0: Ball
2-0: Ball
3-0: Base on Balls
Batting: RHB José Bravo 0-0: Fly out, F9 (Flyball, 9)
Top of the 5th over - 0 runs, 1 hit, 0 errors, 2 left on base; Scranton 0 - Ellenburg 3
BOTTOM OF THE 5TH
Ellenburg Fighting Dachsunds batting - Pitching for Scranton Supernovas : RHP NaNomi Lojore
Batting: LHB Vladya Pugiev 0-0: Swinging Strike
0-1: Ball
1-1: Called Strike
1-2: Foul Ball, location: 2F
1-2: Ball
2-2: Strikes out swinging
Batting: RHB Alan McLennan 0-0: Called Strike
0-1: Foul Ball, location: 2F
0-2: Ball
1-2: Ball
2-2: Foul Ball, location: 2F
2-2: Fly out, F9 (Flyball, 89M)
Batting: LHB Locke Lamora 0-0: Called Strike
0-1: Ball
1-1: SINGLE (Groundball, 34D)
Batting: RHB Hugo Rampley 0-0: Ball
1-0: Ball
2-0: Called Strike
2-1: Ball
3-1: Foul Ball, location: 2F
3-2: Strikes out swinging
Bottom of the 5th over - 0 runs, 1 hit, 0 errors, 1 left on base; Scranton 0 - Ellenburg 3
TOP OF THE 6TH
Scranton Supernovas batting - Pitching for Ellenburg Fighting Dachsunds : LHP Gerald Bolton
Batting: RHB Rodrigo Lugo 0-0: Foul Ball, location: 2F
0-1: Bunt missed!
0-2: Ball
1-2: Ball
2-2: SINGLE (Flyball, 89S)
Batting: RHB Miguel Canales 0-0: Foul Ball, location: 2F
0-1: Ball
1-1: Sac Bunt - play at first, batter OUT! 1-4
Rodrigo Lugo to second
Pitching: RHP José Macías
Batting: LHB Chase Popoff 0-0: Foul Ball, location: 2F
0-1: Ball
1-1: Foul Ball, location: 2F
1-2: Strikes out swinging
Batting: RHB Jesús Guzmán 0-0: Foul Ball, location: 2F
0-1: Ball
1-1: Foul Ball, location: 2F
1-2: Strikes out swinging
Top of the 6th over - 0 runs, 1 hit, 0 errors, 1 left on base; Scranton 0 - Ellenburg 3
BOTTOM OF THE 6TH
Ellenburg Fighting Dachsunds batting - Pitching for Scranton Supernovas : RHP NaNomi Lojore
Batting: RHB José Vázquez 0-0: Ball
1-0: Called Strike
1-1: Foul Ball, location: 2F
1-2: Ground out 4-3 (Groundball, 4)
Batting: RHB Oscar McMillan 0-0: Ball
1-0: Ball
2-0: Called Strike
2-1: Swinging Strike
2-2: Strikes out swinging
Batting: LHB Ned Durand 0-0: Ball
1-0: Ball
2-0: Ball
3-0: Base on Balls
Pitching: RHP Pedro Rodríguez
Batting: SHB Theron Montecalvo 0-0: Ball
1-0: Ball
2-0: Called Strike
2-1: Ball
3-1: Called Strike
3-2: Foul Ball, location: 2F
3-2: Foul Ball, location: 2F
3-2: Strikes out swinging
Bottom of the 6th over - 0 runs, 0 hits, 0 errors, 1 left on base; Scranton 0 - Ellenburg 3
TOP OF THE 7TH
Scranton Supernovas batting - Pitching for Ellenburg Fighting Dachsunds : RHP José Macías
Batting: LHB Juan Montés 0-0: Ball
1-0: Ball
2-0: Ball
3-0: Called Strike
3-1: Swinging Strike
3-2: Base on Balls
Batting: RHB José Rodríguez 0-0: Ball
1-0: Ball
2-0: Called Strike
2-1: Ball
3-1: Foul Ball, location: 2F
3-2: Foul Ball, location: 2F
3-2: SINGLE (Groundball, 34D)
Juan Montés to second
Runner from 2nd tries for 3rd, SAFE, no throw
Batting: RHB Felipe Bruno 0-0: Ball
1-0: Ball
2-0: 3-RUN HOME RUN (Line Drive, 7LD), Distance : 373 ft
Pitching: RHP Bo Tubbs
Batting: LHB Hai-feng Tang 0-0: Ball
1-0: Ball
2-0: Ball
3-0: Called Strike
3-1: Base on Balls
Batting: RHB José Bravo 0-0: Ball
1-0: Sac Bunt - play at first, batter OUT! 5-4
Hai-feng Tang to second
Pinch Hitting: LHB Rafael Sánchez 0-0: Intentional Walk
Pinch Hitting: SHB Alonso Solís 0-0: Ball
1-0: Called Strike
1-1: Foul Ball, location: 2F
1-2: Strikes out swinging
Batting: LHB Chase Popoff 0-0: Ball
1-0: 3-RUN HOME RUN (Line Drive, 7D), Distance : 397 ft
Pitching: RHP Alfonso Vera
Batting: RHB Jesús Guzmán 0-0: DOUBLE (Flyball, 89D)
Batting: LHB Juan Montés 0-0: Foul Ball, location: 2F
0-1: Swinging Strike
0-2: Ground out U3 (Groundball, 34S)
Top of the 7th over - 6 runs, 4 hits, 0 errors, 1 left on base; Scranton 6 - Ellenburg 3
BOTTOM OF THE 7TH
Ellenburg Fighting Dachsunds batting - Pitching for Scranton Supernovas : RHP Pedro Rodríguez
Now at 2B: Alonso Solís
Now in RF: Rafael Sánchez
Batting: SHB Ben Boston 0-0: Swinging Strike
0-1: Foul Ball, location: 2F
0-2: Ball
1-2: Ball
2-2: DOUBLE (Line Drive, 9)
Batting: LHB Vladya Pugiev 0-0: Ball
1-0: Ball
2-0: Ball
3-0: Called Strike
3-1: DOUBLE (Flyball, 8LXD)
Ben Boston scores
Batting: RHB Alan McLennan 0-0: Ball
1-0: Ball
2-0: 2-RUN HOME RUN (Line Drive, 7LD), Distance : 372 ft
Pitching: LHP Jeff Schneider
Batting: LHB Locke Lamora 0-0: Called Strike
0-1: Foul Ball, location: 2F
0-2: Ball
1-2: Foul Ball, location: 2F
1-2: Ball
2-2: Ground out 6-3 (Groundball, 6)
Batting: RHB Hugo Rampley 0-0: Ball
1-0: SINGLE (Groundball, 34D)
Batting: RHB José Vázquez Balk!
Hugo Rampley to second
0-0: Ball
1-0: Called Strike
1-1: Swinging Strike
1-2: Strikes out looking
Batting: RHB Oscar McMillan 0-0: Foul Ball, location: 2F
0-1: Ball
1-1: Foul Ball, location: 2F
1-2: Ground out 6-3 (Groundball, 6)
Bottom of the 7th over - 3 runs, 4 hits, 0 errors, 1 left on base; Scranton 6 - Ellenburg 6
TOP OF THE 8TH
Scranton Supernovas batting - Pitching for Ellenburg Fighting Dachsunds : RHP Alfonso Vera
Batting: RHB José Rodríguez 0-0: Called Strike
0-1: Ball
1-1: Called Strike
1-2: Fly out, F8 (Flyball, 8RS)
Batting: RHB Felipe Bruno 0-0: Ball
1-0: Ball
2-0: Foul Ball, location: 2F
2-1: Ball
3-1: Foul Ball, location: 2F
3-2: Fly out, F9 (Flyball, 9)
Batting: LHB Hai-feng Tang 0-0: Called Strike
0-1: Swinging Strike
0-2: Ball
1-2: SINGLE (Flyball, 7LS)
Batting: RHB José Bravo 0-0: Foul Ball, location: 2F
0-1: Ball
1-1: Fielders Choice at 2nd, 6-4 (Groundball, 6)
Top of the 8th over - 0 runs, 1 hit, 0 errors, 1 left on base; Scranton 6 - Ellenburg 6
BOTTOM OF THE 8TH
Ellenburg Fighting Dachsunds batting - Pitching for Scranton Supernovas : LHP Jeff Schneider
Batting: LHB Ned Durand 0-0: Ball
1-0: Ground out 5-3 (Groundball, 5S)
Batting: SHB Theron Montecalvo 0-0: Called Strike
0-1: Ball
1-1: Ball
2-1: Ground out 5-3 (Groundball, 56)
Batting: SHB Ben Boston 0-0: Swinging Strike
0-1: Ball
1-1: Foul Ball, location: 2F
1-2: Reached on error, E5 (Groundball, 56)
Pinch Hitting: RHB José Barroca 0-0: Called Strike
0-1: Fly out, F8 (Flyball, 8RD)
Bottom of the 8th over - 0 runs, 0 hits, 1 error, 1 left on base; Scranton 6 - Ellenburg 6
TOP OF THE 9TH
Scranton Supernovas batting - Pitching for Ellenburg Fighting Dachsunds : RHP Alfonso Vera
Now in RF: Ted Tullo
Batting: LHB Rafael Sánchez 0-0: Called Strike
0-1: Ball
1-1: Called Strike
1-2: Ball
2-2: Ball
3-2: Base on Balls
Batting: SHB Alonso Solís 0-0: Bunted foul
0-1: Reached on error, E1 (Groundball, P)
Rafael Sánchez to second
Batting: LHB Chase Popoff 0-0: Grounds into double play, 4-6-3 (Groundball, 4)
Rafael Sánchez to third
Batting: RHB Jesús Guzmán 0-0: Ball
1-0: Ground out 6-3 (Groundball, 56D)
Top of the 9th over - 0 runs, 0 hits, 1 error, 1 left on base; Scranton 6 - Ellenburg 6
BOTTOM OF THE 9TH
Ellenburg Fighting Dachsunds batting - Pitching for Scranton Supernovas : LHP Jeff Schneider
Pitching: RHP Malulani Anakone
Batting: RHB Alan McLennan 0-0: Ball
1-0: SINGLE (Line Drive, 78M)
Batting: LHB Locke Lamora 0-0: Foul Ball, location: 2F
0-1: Foul Ball, location: 2F
0-2: Strikes out swinging
Batting: RHB Hugo Rampley 0-0: Swinging Strike
0-1: Foul Ball, location: 2F
0-2: Ball
1-2: Strikes out swinging
Pinch Hitting: LHB Carlos Germán 0-0: Ball
1-0: Ball
2-0: Ball
3-0: Base on Balls
Alan McLennan to second
Batting: RHB Oscar McMillan 0-0: Called Strike
0-1: Ball
1-1: Ball
2-1: Foul Ball, location: 2F
2-2: Strikes out swinging
Bottom of the 9th over - 0 runs, 1 hit, 0 errors, 2 left on base; Scranton 6 - Ellenburg 6
TOP OF THE 10TH
Scranton Supernovas batting - Pitching for Ellenburg Fighting Dachsunds : RHP Alfonso Vera
Now at 1B: Carlos Germán
Batting: LHB Juan Montés 0-0: Ball
1-0: Called Strike
1-1: Ball
2-1: Ball
3-1: Swinging Strike
3-2: Base on Balls
Batting: RHB José Rodríguez 0-0: Foul Ball, location: 2F
0-1: Ball
1-1: Ball
2-1: Ground out U3 (Groundball, 3S)
Juan Montés to second
Batting: RHB Felipe Bruno 0-0: Called Strike
0-1: Called Strike
0-2: Ball
1-2: Strikes out swinging
Batting: LHB Hai-feng Tang 0-0: Ball
1-0: Fly out, F9 (Flyball, 89M)
Top of the 10th over - 0 runs, 0 hits, 0 errors, 1 left on base; Scranton 6 - Ellenburg 6
BOTTOM OF THE 10TH
Ellenburg Fighting Dachsunds batting - Pitching for Scranton Supernovas : RHP Malulani Anakone
Batting: LHB Ned Durand 0-0: Ball
1-0: Ball
2-0: Ball
3-0: Base on Balls
Batting: SHB Theron Montecalvo 0-0: Ball
1-0: Ball
Ned Durand is caught stealing 2nd base
2-0: Called Strike
2-1: Ball
3-1: Base on Balls
Batting: SHB Ben Boston 0-0: Ball
Theron Montecalvo is caught stealing 2nd base
1-0: Called Strike
1-1: Foul Ball, location: 2F
1-2: Ball
2-2: Ball
3-2: Foul Ball, location: 2F
3-2: Base on Balls
Batting: SHB Ted Tullo 0-0: Ball
1-0: Called Strike
1-1: Fly out, F6 (Popup, 4M)
Bottom of the 10th over - 0 runs, 0 hits, 0 errors, 1 left on base; Scranton 6 - Ellenburg 6
TOP OF THE 11TH
Scranton Supernovas batting - Pitching for Ellenburg Fighting Dachsunds : RHP Alfonso Vera
Batting: RHB José Bravo 0-0: Called Strike
0-1: Ball
1-1: Ground out 6-3 (Groundball, 6S)
Batting: LHB Rafael Sánchez 0-0: Ball
1-0: Called Strike
1-1: Foul Ball, location: 2F
1-2: Foul Ball, location: 2F
1-2: SINGLE (Line Drive, 34D)
Pitching: RHP Garrett Harrington
Batting: SHB Alonso Solís 0-0: Called Strike
0-1: Ball
1-1: Ball
2-1: Foul Ball, location: 2F
2-2: Foul Ball, location: 2F
2-2: Foul Ball, location: 2F
2-2: Strikes out swinging
Batting: LHB Chase Popoff 0-0: Ball
1-0: Ball
2-0: Foul Ball, location: 2F
2-1: Foul Ball, location: 2F
2-2: Strikes out swinging
Top of the 11th over - 0 runs, 1 hit, 0 errors, 1 left on base; Scranton 6 - Ellenburg 6
BOTTOM OF THE 11TH
Ellenburg Fighting Dachsunds batting - Pitching for Scranton Supernovas : RHP Malulani Anakone
Pitching: LHP Brian Brewer
Batting: RHB Alan McLennan 0-0: SINGLE (Groundball, 56S) (infield hit)
Batting: LHB Locke Lamora 0-0: Ball
Alan McLennan steals 2nd base
1-0: Ball
2-0: Ball
3-0: Called Strike
3-1: Swinging Strike
3-2: Ground out 4-3 (Groundball, 4MD)
Alan McLennan to third
Batting: RHB Hugo Rampley 0-0: Intentional Walk
Batting: LHB Carlos Germán 0-0: Swinging Strike
0-1: Ball
1-1: Ball
Wild Pitch!
Alan McLennan scores
Saturday, December 22nd, 2018 - OOTP Baseball 18.8 Build 76